 Seeded DCSS version 0.29-a0-392-g297d3b089c (webtiles) character file.

Game seed: 13605594255664981076 (custom seed)

6403 thiscave3701365 the Cleaver (level 10, -6/88 HPs)
             Began as a Minotaur Berserker on May 8, 2022.
             Was a Priest of Trog.
             Succumbed to Amaemon's poison
             ... on level 8 of the Dungeon.
             The game lasted 00:10:41 (13135 turns).

thiscave3701365 the Cleaver (Minotaur Berserker)   Turns: 13135, Time: 00:10:41

Health: -6/88      AC: 13    Str: 29    XL:     10   Next: 66%
Magic:  9/9        EV: 10    Int:  4    God:    Trog [***...]
Gold:   428        SH:  0    Dex: 10    Spells: 9/9 levels left

rFire   . . .      SeeInvis .   D - +0 battleaxe
rCold   . . .      Faith    .   (shield currently unavailable)
rNeg    . . .      Spirit   .   x - +0 chain mail "Fuibbaimp" {Str+3}
rPois   .          Reflect  .   (helmet restricted)
rElec   .          Harm     .   o - +0 cloak
rCorr   .          Rampage  .   (no gloves)
Will    .....                   (no boots)
Stlth   ..........              (no amulet)
HPRegen 0.24/turn               (no ring)
MPRegen 0.11/turn               (no ring)

@: mighty, lethally poisoned (-6 -> -46), on berserk cooldown, slowed, very slow
A: horns 2, retaliatory headbutt
a: Renounce Religion, Berserk, Trog's Hand


You were on level 8 of the Dungeon.
You worshipped Trog.
Trog was most pleased with you.
You visited 1 branch of the dungeon, and saw 8 of its levels.
You also visited: Ossuary.

You collected 428 gold pieces.

Inventory:

Hand Weapons
 a - a +0 hand axe
 D - a +0 battleaxe (weapon)
Missiles
 t - a throwing net
Armour
 o - a +0 cloak (worn)
 x - the +0 chain mail "Fuibbaimp" (worn) {Str+3}
   (You found it on level 5 of the Dungeon)

   Str:       It affects your strength (+3).
Wands
 s - a wand of charming (10)
 u - a wand of digging (3)
 w - a wand of polymorph (4)
Scrolls
 d - a scroll of immolation {unknown}
 e - 9 scrolls of identify {unknown}
 g - 2 scrolls of blinking {unknown}
 h - 2 scrolls of fog {unknown}
 i - 3 scrolls of vulnerability {unknown}
 k - 2 scrolls of poison {unknown}
 p - a scroll of torment {unknown}
 q - 2 scrolls of teleportation {unknown}
 v - 2 scrolls of fear {unknown}
 y - a scroll of noise {unknown}
 C - a scroll of magic mapping {unknown}
Potions
 b - 3 potions of heal wounds {unknown}
 c - 2 potions of brilliance {unknown}
 f - 4 potions of haste {unknown}
 j - 2 potions of magic {unknown}
 m - a potion of ambrosia {unknown}
 n - 2 potions of flight {unknown}
 r - 3 potions of mutation {unknown}
 z - 3 potions of lignification {unknown}
 A - 4 potions of curing {unknown}
 B - 3 potions of degeneration {unknown}


   Skills:
 - Level 8.2 Fighting
 + Level 14.7 Axes
 - Level 9.8 Armour
 - Level 4.5 Dodging
 - Level 1.4 Stealth


You had 9 spell levels left.
You didn't know any spells.
Your spell library was empty.

Dungeon Overview and Level Annotations

Branches:
Dungeon (8/15)             Temple (0/1) D:4            Lair (0/6) D:8
Ossuary (visited)

Altars:
Ashenzari
Cheibriados
Gozag
Makhleb
Nemelex Xobeh
Okawaru
Uskayaw

Shops:
D:6 !


Innate Abilities, Weirdness & Mutations

You have a pair of horns on your head.
You reflexively headbutt those who attack you in melee.


Message History

You hit the orange demon.
You feel very sick.
Amaemon's tail lashes.
Amaemon hits you with a +1 demon whip of venom!
* * * LOW HITPOINT WARNING * * *
You are more poisoned.
Amaemon closely misses you.
Amaemon tail-slaps you but does no damage.
The orange demon stings you but does no damage.
The orange demon hits you but does no damage.
You miss Amaemon. Your headbutt misses Amaemon.
Amaemon is moderately wounded.
You closely miss the orange demon.
* * * LOW HITPOINT WARNING * * *
You feel extremely sick.
You slice Amaemon!!
Amaemon is severely wounded.
You slice the orange demon!!
You kill the orange demon!
Trog accepts your kill.
* * * LOW HITPOINT WARNING * * *
You feel extremely sick. Amaemon hits you but does no damage.
You are more poisoned.
Amaemon barely misses you.
Amaemon tail-slaps you but does no damage.
Your Axes skill increases to level 14!
You slice Amaemon!! You headbutt Amaemon.
You kill Amaemon!
Trog accepts your kill.
Trog appreciates your killing of a magic user.
The scorpion disappears in a puff of smoke! x3
You are no longer berserk.
You are exhausted.
You feel yourself slow down.
* * * LOW HITPOINT WARNING * * *
You feel very sick.
It was a potion of might.
You feel very mighty all of a sudden.
You die...

#..... ##########...
##.....#......
##.............
#..............
#..............
#..............
##########..............
#...§§)@...>............
#.####§###..............
#§ ########.....). #.
#....... #. #..<.... #.
#....... #. #....#.. #.
#....... ##.#....


There were no monsters in sight!

Vanquished Creatures
  A two-headed ogre (D:8)
  Amaemon (D:8)
  A cyclops (D:6)
  A manticore (D:7)
  An orange demon (D:8)
  A troll (D:7)
  A hornet (D:6)
  A yak (D:7)
  A steam dragon (D:8)
  A wyvern (D:7)
  A vampire mosquito (D:7)
  3 water moccasins
  3 ice beasts
  An orc warrior (D:7)
  A sky beast (D:7)
  2 black bears
  3 ogres
  2 centaurs
  3 phantoms
  3 kobold brigands
  2 necrophages (D:5)
  2 elf zombies (Ossuary)
  2 scorpions (D:6)
  5 wights (D:7)
  A centaur zombie (Ossuary)
  A hound (D:5)
  A human zombie (Ossuary)
  2 orc priests (D:4)
  A jelly (D:6)
  2 gnoll shamans
  An iguana (D:3)
  4 orc wizards
  3 mummies
  17 gnolls
  9 adders
  A shadow imp (D:7)
  2 white imps (D:7)
  2 ufetubi
  An adder zombie (Ossuary)
  A worm (D:5)
  28 orcs
  4 endoplasms
  3 giant cockroaches
  8 goblins
  4 hobgoblins
  3 jackals (D:1)
  A quokka (D:4)
  10 ball pythons
  A bat (D:3)
  3 frilled lizards
  A goblin zombie (Ossuary)
  12 hobgoblin zombies
  10 kobolds
  10 kobold zombies
  6 orc zombies (Ossuary)
  7 rats
  4 rat zombies (Ossuary)
207 creatures vanquished.

Notes
Turn   | Place    | Note
-------+----------+-------------------------------------------
     0 | D:1      | thiscave3701365 the Minotaur Berserker began the quest for
                  | the Orb.
     0 | D:1      | Reached XP level 1. HP: 19/19 MP: 0/0
   139 | D:1      | Reached skill level 4 in Axes
   339 | D:1      | Found a faded altar of an unknown god.
   423 | D:1      | Reached XP level 2. HP: 23/26 MP: 1/1
   987 | D:2      | Reached skill level 5 in Axes
  1130 | D:2      | Reached XP level 3. HP: 30/31 MP: 2/2
  1235 | D:2      | Reached skill level 6 in Axes
  1235 | D:2      | Reached XP level 4. HP: 10/39 MP: 3/3
  2409 | D:3      | Reached ** piety under Trog
  2771 | D:3      | Found a burning altar of Makhleb.
  2771 | D:3      | Found a hide-covered altar of Uskayaw.
  3689 | D:4      | Noticed an ogre
  3697 | D:4      | Killed an ogre
  3698 | D:4      | Reached skill level 7 in Axes
  3698 | D:4      | Reached XP level 5. HP: 31/45 MP: 4/4
  4236 | D:4      | Found a staircase to the Ecumenical Temple.
  4303 | D:4      | Found an opulent altar of Gozag.
  4303 | D:4      | Found a sparkling altar of Nemelex Xobeh.
  4399 | D:4      | Reached skill level 8 in Axes
  4404 | D:4      | Reached XP level 6. HP: 51/51 MP: 5/5
  4708 | D:4      | Found an iron altar of Okawaru.
  4964 | D:4      | Found a snail-covered altar of Cheibriados.
  5641 | D:5      | Entered Level 5 of the Dungeon
  5718 | D:5      | Reached skill level 9 in Axes
  5843 | D:5      | Reached XP level 7. HP: 53/59 MP: 6/6
  6449 | D:5      | Reached skill level 10 in Axes
  7346 | D:5      | Reached XP level 8. HP: 66/67 MP: 7/7
  7571 | D:5      | Found a broken altar of Ashenzari.
  7580 | D:5      | Reached skill level 5 in Armour
  7808 | D:5      | Identified the +0 chain mail "Fuibbaimp" {Str+3}
  7877 | D:6      | Noticed a hornet
  7883 | D:6      | Killed a hornet
  7884 | D:6      | Reached skill level 5 in Fighting
  7884 | D:6      | Reached skill level 11 in Axes
  8240 | D:6      | Noticed a cyclops
  8249 | D:6      | Killed a cyclops
  8266 | D:6      | Reached XP level 9. HP: 62/74 MP: 8/8
  9250 | D:6      | Found Yssic's Distillery.
  9443 | D:6      | Reached skill level 12 in Axes
  9446 | D:6      | Reached skill level 1 in Stealth
  9724 | D:7      | Found a sand-covered staircase.
  9731 | Ossuary  | Entered an ossuary
 10122 | D:7      | Noticed a troll
 10142 | D:7      | Killed a troll
 10471 | D:7      | Reached *** piety under Trog
 10669 | D:7      | Reached skill level 13 in Axes
 11051 | D:7      | Noticed a manticore
 11054 | D:7      | Killed a manticore
 11055 | D:7      | Reached XP level 10. HP: 86/86 MP: 9/9
 12081 | D:8      | Noticed a two-headed ogre
 12090 | D:8      | Killed a two-headed ogre
 12924 | D:8      | Found a staircase to the Lair.
 13116 | D:8      | Noticed Amaemon
 13117 | D:8      | Noticed an orange demon
 13133 | D:8      | Killed an orange demon
 13134 | D:8      | Reached skill level 14 in Axes
 13134 | D:8      | Killed Amaemon
 13135 | D:8      | Succumbed to Amaemon's poison

Illustrated notes

Levels and vault maps discovered:
D:1:      wander_arrival_lonely_grave, layout_basic,
          ebering_ecumenical_altar_rust
D:2:      layout_basic, minmay_misc_feat_tower, grunt_decor_mini_mirrors
D:3:      layout_basic, mainiacjoe_overflow_divided_tiny
D:4:      layout_loops_ring, grunt_temple_overflow_opulence,
          general_overflow_altar, mainiacjoe_overflow_24_doors, temple_doors_ab
D:5:      layout_basic, mainiacjoe_overflow_paths
D:6:      layout_basic, serial_shops, nicolae_shop_behind_doors,
          minmay_increasing_density
D:7:      layout_basic, nicolae_ossuary_entry_giza, minmay_manual_mess
D:8:      layout_rooms, lair_entry_dummy, serial_co_window_serial,
          co_window_corner_a, co_window_corner_a, co_window_paths_a,
          co_window_paths_b, co_window_corner_a, co_window_of_opportunity_c,
          co_window_corner_b, co_window_corner_cb, co_window_of_opportunity_b,
          co_window_broadway_c, glass_columns_b, uniq_grum, uniq_amaemon

Skill      XL: |  1  2  3  4  5  6  7  8  9 10 |
---------------+-------------------------------+-----
Axes           | 4 5 6 7 8 9 10 11 13 14 | 14.7
Fighting       | 4 5 7 8 |  8.2
Armour         | 4 7 9 |  9.8
Dodging        | 3 4 |  4.5
Stealth        | 1 |  1.4

Action                   |  1- 3 |  4- 6 |  7- 9 | 10-12 || total
-------------------------+-------+-------+-------+-------++-------
Melee: Hand axe          |    59 |   117 |   302 |    45 ||   523
       Headbutt          |     9 |    21 |    56 |    10 ||    96
       Punch             |       |     1 |     3 |     1 ||     5
       Battleaxe         |       |       |       |    18 ||    18
Invok: Berserk           |     1 |     9 |    15 |     5 ||    30
       Trog's Hand       |       |       |     1 |       ||     1
  Use: Potion            |       |       |       |     1 ||     1
 Stab: Sleeping          |     1 |       |       |       ||     1
Armor: Animal skin       |     8 |     3 |       |       ||    11
       Chain mail        |       |    32 |   114 |    41 ||   187
Dodge: Dodged            |    40 |    32 |   138 |    32 ||   242

Table legend: (Time is in decaauts)
 A = Elapsed time spent in this place.
 B = Non-inter-level travel time spent in this place.
 C = Inter-level travel time spent in this place.
 D = Time resting spent in this place.
 E = Time spent auto-exploring this place.
 F = Levels seen in this place.
 G = Mean time per level.
                   A        B        C        D        E       F      G
               +--------+--------+--------+--------+--------+-----+--------+
         Total |  13279 |  12855 |    424 |   6105 |   5667 |   9 | 1475.4 |
       Dungeon |  12933 |  12509 |    424 |   6105 |   5430 |   8 | 1616.6 |
       Ossuary |    346 |    346 |      0 |      0 |    237 |   1 |  346.0 |
               +--------+--------+--------+--------+--------+-----+--------+

Top non-repeatable levels by time:
     D:4: 2141 daAuts
     D:6: 1862 daAuts
     D:7: 1747 daAuts
     D:5: 1700 daAuts
     D:3: 1686 daAuts
     D:2: 1486 daAuts
     D:8: 1379 daAuts
     D:1: 928 daAuts
 Ossuary: 346 daAuts
